 Dungeon Crawl Stone Soup version 0.23-a0-171-g5ae17c6 (webtiles) character file.

1541481 iamserjio the Slayer (level 27, 240/240 HPs)
             Began as a Mummy Wanderer on Sept 11, 2018.
             Was an Initiate of Gozag.
             Escaped with the Orb
             ... and 3 runes on Sept 12, 2018!
             The game lasted 04:33:44 (97240 turns).

iamserjio the Slayer (Mummy Wanderer)              Turns: 97240, Time: 04:33:45

Health: 240/240    AC: 52    Str: 30      XL:     27
Magic:  33/33      EV: 20    Int: 11 (12) God:    Gozag
Gold:   15497      SH: 34    Dex: 15      Spells: 26/26 levels left

rFire    + + +     SeeInvis +   N - +9 broad axe (chaos)
rCold    + . .     Gourm    .   i - +8 large shield
rNeg     + + +     Faith    .   X - +11 crystal plate armour "Xeruhyp" {rElec rF++ MR+ Dex+3}
rPois    ∞         Spirit   .   l - +2 helmet
rElec    +         Reflect  .   o - +2 cloak {+Inv}
rCorr    .         Harm     .   f - +2 pair of gloves of Beogh's Vengeance {rF+}
MR       +++++                  A - +2 pair of boots
Stlth    ..........             E - macabre finger necklace {rN+}
HPRegen  0.50/turn              c - ring "Huv Ipn" {rF++ rN+ MR+ Str+3}
MPRegen  0.23/turn              L - ring of see invisible
                                F - ring of Phasing {EV+8}

@: glowing, bribing [the Dungeon]
A: no food or potions, fire vulnerability, cold resistance 1, negative energy
resistance 3, torment resistance, unbreathing, in touch with death 2
0: Orb of Zot
}: 3/15 runes: barnacled, silver, gossamer
a: Potion Petition, Call Merchant, Bribe Branch, Renounce Religion, Evoke
Invisibility


You escaped.
You worshipped Gozag.
Gozag was extremely pleased with you.
You were not hungry.

You visited 11 branches of the dungeon, and saw 53 of its levels.
You visited the Abyss 1 time.
You visited 1 ziggurat, and saw 9 of its levels.
You also visited: Trove and Ice Cave.

You collected 37157 gold pieces.
You spent 2617 gold pieces at shops.
You paid 19043 gold pieces to Gozag.

Inventory:

Hand Weapons
 h - the +3 spear "Perch" {pain, +Blink rC+}
   (You took it off a spriggan on level 12 of the Dungeon)

   In the hands of one skilled in necromantic magic, it inflicts extra damage on
   living creatures.
   It protects you from cold.
   It lets you blink.
 k - a +4 broad axe of electrocution
 N - a +9 broad axe of chaos (weapon)
Missiles
 Q - 16 throwing nets (quivered) {!f}
Armour
 f - the +2 pair of gloves of Beogh's Vengeance (worn) {rF+}
   (You found it on level 12 of the Dungeon)

   It protects you from fire.
 i - a +8 large shield (worn)
 l - a +2 helmet (worn)
 m - the +1 helmet of Hide-and-Seek {rPois rF+ Dex-2}
   (You found it on level 1 of the Crypt)

   It affects your dexterity (-2).
   It protects you from fire.
   It protects you from poison.
 o - a +2 cloak of invisibility (worn)
 A - a +2 pair of boots (worn)
 I - the +2 shield of Resistance {rF+ rC+ MR+}
   (You found it on level 12 of the Dungeon)

   It protects you from fire.
   It protects you from cold.
   It affects your resistance to hostile enchantments.
 M - a +0 cloak of magic resistance
 R - a scarf of spirit shield
 X - the +11 crystal plate armour "Xeruhyp" (worn) {rElec rF++ MR+ Dex+3}
   (You found it on level 4 of the Shoals)

   It affects your dexterity (+3).
   It greatly protects you from fire.
   It insulates you from electricity.
   It affects your resistance to hostile enchantments.
Jewellery
 c - the ring "Huv Ipn" (left hand) {rF++ rN+ MR+ Str+3}
   (You found it on level 6 of the Dungeon)

   [ring of strength]

   It affects your strength (+3).
   It greatly protects you from fire.
   It protects you from negative energy.
   It affects your resistance to hostile enchantments.
 j - an uncursed ring of protection from cold
 r - an uncursed ring of resist corrosion
 C - an uncursed ring of protection from magic
 E - the macabre finger necklace (around neck) {rN+}
   (You found it on level 7 of a ziggurat)

   [amulet of nothing]

   It protects you from negative energy.
 F - the ring of Phasing (on amulet) {EV+8}
   (You found it on level 3 of the Crypt)

   [ring of evasion]

   It affects your evasion (+8).
 K - a +4 ring of protection
 L - a ring of see invisible (right hand)
 W - an uncursed ring of protection from fire
 Y - the amulet "Getsar" {Regen+ Str+4}
   (You bought it in a shop on level 3 of the Crypt)

   [amulet of regeneration]

   It affects your strength (+4).
   It increases your rate of regeneration.
Wands
 q - a wand of digging (44)
 t - a wand of enslavement (53)
 y - a wand of iceblast (19)
 D - a wand of clouds (4)
 H - a wand of paralysis (40)
 P - a wand of acid (1)
Scrolls
 a - 29 scrolls of remove curse {@r2}
 d - 15 scrolls of teleportation
 e - 2 scrolls of torment
 g - 5 scrolls of summoning
 p - 3 scrolls of vulnerability
 v - 5 scrolls of blinking
 w - 3 scrolls of silence
 x - 5 scrolls of fear
 z - 14 scrolls of fog
 B - 9 scrolls of immolation
 V - 6 scrolls of identify {@r1}
Miscellaneous
 n - a phial of floods
 G - 6 boxes of beasts
 J - a lamp of fire
 O - 4 phantom mirrors
 S - a fan of gales
 U - a lightning rod (4/4)
 Z - 5 sacks of spiders


   Skills:
 + Level 24.5 Fighting
 - Level 19.8(20.0) Axes
 - Level 4.0(14.0) Polearms
   Level 1.0 Crossbows
 - Level 19.0 Armour
 - Level 10.0 Dodging
 - Level 1.0 Stealth
 + Level 22.4 Shields
 - Level 14.0 Evocations


You had 26 spell levels left.
You didn't know any spells.
Your spell library contained the following spells:

 Spells                   Type           Power        Failure   Level  Hunger
 Animate Skeleton         Necr           N/A          99%         1    N/A
 Apportation              Tloc           #.....       99%         1    N/A
 Confusing Touch          Hex            #.....       99%         1    N/A
 Corona                   Hex            #......      99%         1    N/A
 Freeze                   Ice            #...         99%         1    N/A
 Pain                     Necr           #...         99%         1    N/A
 Summon Butterflies       Summ           #.......     99%         1    N/A
 Summon Small Mammal      Summ           #...         99%         1    N/A
 Call Imp                 Summ           #.......     100%        2    N/A
 Ensorcelled Hibernation  Hex/Ice        #.....       100%        2    N/A
 Throw Frost              Conj/Ice       #.....       100%        2    N/A
 Confuse                  Hex            #.......     100%        3    N/A
 Dazzling Spray           Conj/Hex       #.....       100%        3    N/A
 Ozocubu's Armour         Chrm/Ice       #.......     100%        3    N/A
 Stone Arrow              Conj/Erth      #.....       100%        3    N/A
 Tukima's Dance           Hex            #.......     100%        3    N/A
 Vampiric Draining        Necr           #.........   100%        3    N/A
 Animate Dead             Necr           N/A          100%        4    N/A
 Summon Ice Beast         Ice/Summ       #.......     100%        4    N/A
 Throw Icicle             Conj/Ice       #.......     100%        4    N/A
 Bolt of Magma            Conj/Fire/Erth #.........   100%        5    N/A
 Metabolic Englaciation   Hex/Ice        #.........   100%        5    N/A
 Summon Mana Viper        Hex/Summ       #.......     100%        5    N/A
 Bolt of Cold             Conj/Ice       #.........   100%        6    N/A
 Regeneration             Chrm/Necr      Unusable     N/A         3    N/A

Dungeon Overview and Level Annotations

Branches:
Dungeon (15/15)            Temple (1/1) D:4            Lair (6/6) D:11
 Shoals (4/4) Lair:4       Spider (4/4) Lair:4        Slime (0/5) Lair:6
    Orc (2/2) D:10            Elf (3/3) Orc:2        Vaults (5/5) D:13
  Crypt (3/3) Vaults:2       Tomb (0/3) Crypt:3      Depths (5/5) D:15
    Zot (5/5) Depths:5

Altars:
Ashenzari
Cheibriados
Dithmenos
Elyvilon
Fedhas
Gozag
Hepliaklqana
Kikubaaqudgha
Makhleb
Nemelex Xobeh
Okawaru
Qazlal
Ru
Sif Muna
Trog
Uskayaw
Vehumet
Wu Jian
Xom
Yredelemnul
Zin
The Shining One
Beogh
Jiyva

Shops:
Orc:2 }[?!   Vaults:3 %   Crypt:3 [==?

Portals:
Hell: Depths:1 Depths:2 Depths:3 Depths:4 Depths:5
Abyss: Depths:1 Depths:3 Depths:4
Pandemonium: Depths:1 Depths:3

Annotations:
D:6 exclusion: downstairs
D:13 1 exclusion
Spider:4 1 runed door, Thaneod's ghost, adept GnBe


Innate Abilities, Weirdness & Mutations

You do not eat or drink.
Your flesh is vulnerable to fire.
You are immune to poison.
Your flesh is cold resistant. (rC+)
You are immune to negative energy. (rN+++)
You are immune to unholy pain and torment.
You can survive without breathing.
You are strongly in touch with the powers of death.


Message History

(D) Dungeon (T) Temple (L) Lair (A) Shoals (N) Spider Nest (M) Slime Pits (O) Orcish Mines (E) Elven Halls (V) Vaults (C) Crypt (W) Tomb (U) Depths (H) Hell (Z) Zot
Where to? (Enter - D:1, ? - help)
A shadow imp is nearby!
The shadow imp moves out of view.
There is a stone staircase leading up here.
(D) Dungeon (T) Temple (L) Lair (A) Shoals (N) Spider Nest (M) Slime Pits (O) Orcish Mines (E) Elven Halls (V) Vaults (C) Crypt (W) Tomb (U) Depths (H) Hell (Z) Zot
Where to? (Enter - D:1, ? - help)
You climb upwards.
There is a stone staircase leading down here.
A sixfirhy comes into view.
Your sixfirhy grins greedily, jangling a coin purse.
There is a staircase leading out of the dungeon here.
Okay, then.
You have escaped!

#.........###.##..######.#
#........................#
'............#.......#...#
#.........#)###.....###..#
#.........#..#.......#...#
###########..............#
#
.................#>......#
#
.#########.....A###......#
# .# #.....3@#.......# #
.# #.....A.........# # .#
#...#.......#...# # .#
#..###.....###..# # ##
#...#.......#...# #
#.!.............##### #
#..........###......#
##########..###.†...#
##.###.....#


You could see a friendly angel, a friendly cherub and a friendly sixfirhy.

Vanquished Creatures
  4 orbs of fire
  10 ancient liches
  5 juggernauts
  Sojobo (Crypt:1)
  Boris (Crypt:2)
  Saint Roka (Vaults:1)
  4 curse toes
  A Killer Klown (Zot:5)
  3 caustic shrikes
  A caustic shrike (shapeshifter) (Zot:1)
  6 golden dragons
  Nikola (Depths:3)
  2 iron giants
  6 liches
  2 bone dragons (Depths:2)
  4 electric golems
  11 Orb Guardians
  18 tentacled monstrosities
  3 titans
  6 quicksilver dragons
  2 deep elf blademasters (Elf:3)
  10 death cobs
  2 deep elf master archers (Elf:3)
  4 acid blobs
  A tentacled starspawn (Abyss:2)
  The ghost of Ditysa the Devastator, an adept OpWn of Dithmenos (Elf:2)
  8 sphinxes
  13 storm dragons
  Kirke (Spider:4)
  17 shadow dragons
  11 tengu reavers
  Ilsuiw (Shoals:4)
  2 revenants
  An azure jelly (Zot:4)
  8 draconian monks
  18 fire giants
  11 frost giants
  A frost giant (shapeshifter) (Zot:1)
  20 vault wardens
  3 iron dragons
  7 ghost moths
  2 caustic shrike zombies
  6 deep elf sorcerers
  10 draconian shifters
  8 draconian knights
  5 draconian scorchers
  2 orc warlords
  3 deep elf elementalists (Elf:3)
  Louise (Depths:4)
  6 emperor scorpions
  An angel (Depths:3)
  A cacodemon (Elf:2)
  The ghost of TheNamelessOne the Fighter, a journeyman OgBe of Trog (D:12)
  9 draconian stormcallers
  2 ghouls (Crypt:2)
  2 curse skulls
  12 draconian annihilators
  5 very ugly things
  A spriggan defender (Depths:3)
  21 ironheart preservers
  9 war gargoyles
  19 stone giants
  2 reapers
  16 green draconians
  10 vampire knights
  8 deep elf demonologists
  5 entropy weavers
  11 white draconians
  Azrael (Orc:2)
  9 red draconians
  28 yellow draconians
  5 spark wasps
  16 black draconians
  11 deep elf annihilators
  8 purple draconians
  10 ettins
  2 eidola
  6 merfolk impalers
  The ghost of Fuix Ziu the Slicer, a journeyman DsMo of Nemelex Xobeh (Orc:1)
  5 merfolk javelineers
  Snorg (D:12)
  Josephine (D:11)
  A death ooze (Zig:6)
  A quicksilver dragon zombie (Crypt:3)
  12 fire dragons
  10 deep elf death magi
  4 deep elf high priests
  Fannar (D:11)
  19 yaktaur captains
  7 jiangshi
  The ghost of Oozefury the Grappler, a journeyman TrMo of Hepliaklqana (Lair:2)
  Harold (Orc:1)
  18 ice dragons
  7 rakshasas
  11 great orbs of eyes
  32 vault guards
  5 spriggan air magi
  6 hydras
  A monstrous demonspawn (Depths:1)
  A catoblepas (D:14)
  2 quicksilver dragon skeletons
  A catoblepas (shapeshifter) (Zot:4)
  13 centaur warriors
  Erica (Lair:2)
  3 alligator snapping turtles
  4 merfolk avatars
  4 satyrs
  8 death knights
  19 ogre magi
  3 merfolk aquamancers (Shoals:4)
  52 two-headed ogres
  2 deep troll earth magi (Depths:5)
  6 tengu warriors
  4 deep troll shamans
  5 vampire magi
  A titan zombie (Zig:8)
  2 orc high priests (Zig:9)
  4 spriggans
  3 spriggan berserkers
  5 soul eaters
  A thrashing horror (Abyss:2)
  23 skeletal warriors
  26 deep elf knights
  4 iron trolls
  10 sea snakes
  3 storm dragon zombies
  2 storm dragon skeletons
  4 shadow wraiths
  A fire crab (shapeshifter) (Vaults:3)
  A wretched star (Abyss:2)
  A titan skeleton (Crypt:3)
  A ghost moth zombie (Crypt:3)
  11 deep trolls
  7 flayed ghosts
  An infernal demonspawn (Depths:1)
  3 hell knights
  2 death drakes (Depths:3)
  3 unseen horrors
  2 swamp dragons
  A torturous demonspawn (Depths:1)
  3 wizards
  5 glowing orange brains
  2 spectral hydras (Depths:3)
  2 mana vipers (Depths:3)
  30 phantasmal warriors
  A shadow dragon zombie (Crypt:2)
  24 deep elf archers
  A golden dragon skeleton (Crypt:2)
  2 orange crystal statues (Depths:3)
  8 necromancers
  A mana viper (shapeshifter) (Depths:4)
  A tengu zombie (Vaults:3)
  23 ironbrand convokers
  17 orc knights
  A shadow dragon skeleton (Crypt:3)
  A shining eye (Spider:2)
  9 harpies
  A lindwurm (shapeshifter) (Depths:5)
  Pikel (D:6)
  A stone giant zombie (Zig:8)
  3 orc sorcerers
  34 wolf spiders
  6 orb spiders
  2 tengu skeletons
  6 oklob plants
  18 ugly things
  13 cyclopes
  83 deep elf magi
  11 manticores
  An iron dragon skeleton (Crypt:2)
  2 fire giant zombies
  15 fauns
  A frost giant zombie (Vaults:1)
  22 moths of wrath
  6 fire giant skeletons
  4 black mambas
  9 merfolk sirens
  An eye of devastation (Zig:6)
  A stone giant skeleton (Vaults:3)
  3 rust devils
  A smoke demon (Depths:1)
  22 vault sentinels
  A water nymph (shapeshifter) (Vaults:4)
  7 water nymphs
  7 gargoyles
  An orange demon (Abyss:2)
  4 torpor snails
  11 large abominations
  A spiny frog (shapeshifter) (Vaults:5)
  A spriggan zombie (Zig:3)
  A death yak zombie (Crypt:1)
  A sea snake zombie (Crypt:2)
  10 spiny frogs
  2 hellions
  3 kobold demonologists
  12 demonic crawlers
  A komodo dragon (shapeshifter) (Vaults:4)
  4 human zombies
  A rime drake (shapeshifter) (Vaults:1)
  19 komodo dragons
  2 anaconda simulacra (Depths:3)
  A purple draconian skeleton (Crypt:1)
  3 rime drakes
  85 yaktaurs
  3 spectral merfolk (Depths:3)
  13 freezing wraiths
  An ancient zyme (Abyss:2)
  A catoblepas skeleton (Crypt:1)
  A queen bee (Spider:1)
  5 hellwings
  3 ice devils
  5 wind drakes
  2 yaktaur skeletons (Depths:1)
  16 trolls
  43 orc warriors
  33 merfolk
  2 red devils
  5 tengu conjurers
  32 jumping spiders
  A redback zombie (Crypt:1)
  2 tyrant leeches (Lair:6)
  A meliai (shapeshifter) (Vaults:4)
  43 slime creatures
  2 trolls (shapeshifter)
  A death drake zombie (Crypt:2)
  A tyrant leech (shapeshifter) (Zot:3)
  2 bog bodies (Crypt:2)
  2 polar bears (shapeshifter)
  16 hornets
  A deep troll zombie (Depths:1)
  5 raiju
  A raiju (shapeshifter) (Vaults:1)
  An ice dragon zombie (Zig:3)
  An ettin zombie (Crypt:3)
  A sphinx simulacrum (Depths:3)
  A dream sheep (shapeshifter) (Vaults:5)
  10 hippogriffs
  A meliai zombie (D:15)
  A stone giant simulacrum (Vaults:1)
  A blink frog (shapeshifter) (Vaults:2)
  20 blink frogs
  2 hippogriffs (shapeshifter)
  6 snapping turtles
  7 dream sheep
  14 fire dragon skeletons
  3 air elementals
  68 redbacks
  An alligator skeleton (Crypt:3)
  13 water elementals
  2 spriggan skeletons
  12 shadows
  A flying skull (Zig:8)
  35 tarantellas
  A wyvern (Lair:4)
  12 wraiths
  The ghost of chonchonts the Fighter, an amateur DsCK of Xom (D:3)
  2 ynoxinuls
  An orc simulacrum (Vaults:3)
  A human (D:8)
  A wyvern (shapeshifter) (Vaults:4)
  5 vampires
  4 fire elementals
  6 hogs (Spider:4)
  17 yaks
  A chaos spawn (Zot:5)
  A hog (shapeshifter) (Depths:3)
  18 basilisks
  5 hungry ghosts
  4 vampire mosquitoes (D:13)
  A minotaur simulacrum (Depths:3)
  2 steam dragons (Lair:6)
  A soldier ant (shapeshifter) (Depths:1)
  13 wargs
  7 acid dragons
  2 soldier ants
  18 water moccasins
  A hydra simulacrum (Depths:3)
  3 porcupines
  11 hell hounds
  4 spectral trolls (Depths:3)
  A floating eye (Depths:3)
  3 spectral spriggans (Depths:3)
  A swamp drake (shapeshifter) (Elf:2)
  4 swamp drakes
  3 ice beasts
  2 eyes of draining (Zig:6)
  6 black bears
  3 elf zombies
  2 phantoms
  3 sky beasts (shapeshifter)
  2 slaves (D:6)
  3 starcursed masses (Abyss:2)
  A black bear (shapeshifter) (Depths:1)
  2 snapping turtle zombies
  18 wolves
  59 ogres
  A boggart (D:12)
  20 centaurs
  An elf skeleton (Vaults:3)
  A centaur (shapeshifter) (Elf:2)
  A snapping turtle skeleton (Crypt:1)
  19 crocodiles
  A human skeleton (Vaults:1)
  A big kobold (shapeshifter) (Elf:2)
  7 big kobolds
  2 gnoll sergeants (D:10)
  15 bullfrogs
  A glowing shapeshifter simulacrum (Vaults:1)
  A wyvern zombie (D:14)
  3 earth elementals
  A wyvern skeleton (D:10)
  5 scorpions
  2 elf simulacra
  2 spectral nagas (Depths:3)
  16 killer bees
  A spectral ogre (Depths:3)
  5 howler monkeys
  6 wights
  5 electric eels
  5 spectral centaurs (Depths:3)
  2 crimson imps
  A bullfrog zombie (D:10)
  2 centaur zombies
  5 hounds
  3 quasits
  3 bullfrog skeletons
  16 orc priests
  A basilisk zombie (Crypt:2)
  26 jellies
  4 centaur skeletons
  A gnoll shaman (Orc:2)
  An iron imp (Zig:5)
  17 orc wizards
  5 iguanas
  A worker ant (shapeshifter) (Elf:2)
  4 worker ants
  2 killer bee zombies (D:5)
  A spriggan simulacrum (Depths:3)
  A porcupine skeleton (Crypt:1)
  A dwarf skeleton (Crypt:2)
  An ogre skeleton (Crypt:2)
  A hound skeleton (D:10)
  2 worker ant zombies
  14 gnolls
  12 adders
  An adder (shapeshifter) (Vaults:3)
  3 shadow imps
  5 white imps (IceCv)
  6 ufetubi
  2 oozes
  2 adder skeletons (D:5)
  An adder zombie (D:8)
  A halfling skeleton (Crypt:1)
  3 worms
  2 dart slugs (D:1)
  2 leopard geckos (D:6)
  2 leopard geckos (shapeshifter) (Elf:2)
  An orc (shapeshifter) (Elf:2)
  75 orcs
  A ball python (D:3)
  9 giant cockroaches
  6 goblins
  10 hobgoblins
  16 jackals
  5 quokkas
  A river rat zombie (Crypt:2)
  A ball python zombie (Crypt:2)
  7 bats
  3 frilled lizards
  A giant cockroach zombie (D:6)
  A jackal skeleton (D:6)
  14 kobolds
  A leopard gecko zombie (D:5)
  A quokka skeleton (D:4)
  8 rats
  4 fungi
  15 plants
  3 withered plants
2639 creatures vanquished.

Vanquished Creatures (collateral kills)
  A golden dragon (Zot:5)
  An electric golem (Zot:5)
  A tentacled monstrosity (Zot:4)
  A quicksilver dragon (Zot:4)
  5 Orb Guardians (Zot:5)
  An acid blob (Zig:4)
  2 death cobs (Zot:5)
  A storm dragon (Zot:5)
  2 shadow dragons
  A draconian monk (Zot:4)
  A frost giant (Zot:5)
  A draconian scorcher (Zot:4)
  A draconian knight (Zot:5)
  An emperor scorpion (Spider:4)
  2 white draconians
  2 black draconians
  2 yellow draconians
  A green draconian (Zot:5)
  A sixfirhy (D:11)
  A lindwurm (Lair:6)
  2 shining eyes (Zig:4)
  2 moths of wrath
  3 torpor snails (Lair:6)
  A hornet (Lair:6)
  2 tyrant leeches (Lair:6)
  A slime creature (Zig:4)
  A dream sheep (Shoals:2)
  A hippogriff (D:10)
  An ice beast (D:10)
  A lightning spire (Zig:8)
44 creatures vanquished.

Vanquished Creatures (others)
  An orb of fire (Zot:5)
  2 ancient liches (Zot:5)
  2 Killer Klowns (Zot:5)
  4 tentacled monstrosities
  5 Orb Guardians (Zot:5)
  A tengu reaver (Crypt:1)
  A shadow dragon (Zot:5)
  A fire giant (Vaults:5)
  3 storm dragons
  2 draconian knights
  A draconian scorcher (Zot:5)
  2 ghost moths
  2 draconian stormcallers
  4 draconian annihilators
  6 yellow draconians
  A purple draconian (Zot:4)
  6 green draconians
  2 red draconians
  A white draconian (Zot:5)
  5 black draconians
  An alligator snapping turtle (Zot:5)
  28 dancing weapons
  A sixfirhy (Zot:5)
  A spark wasp zombie (D:15)
  2 skeletal warriors (Crypt:1)
  A shadow wraith (Vaults:5)
  A cherub (D:14)
  A phantasmal warrior (Vaults:5)
  3 deep elf magi
  2 moths of wrath
  A gargoyle (D:10)
  A hornet (Lair:6)
  A spriggan (Depths:2)
  A shadow (Depths:3)
  A chaos spawn (Zot:5)
  A warg (Depths:3)
  An orc warrior (Vaults:5)
  A slave (D:7)
  A big kobold (shapeshifter) (Elf:2)
  A bullfrog (D:7)
  A quasit (Zot:5)
  An orc wizard (D:9)
  2 white imps (IceCv)
  6 ufetubi
  An orc (Vaults:5)
  7 fungi
  23 plants
  8 starspawn tentacles (Abyss:2)
  2 withered plants
154 creatures vanquished.

Grand Total: 2837 creatures vanquished

Notes
Turn   | Place    | Note
-------+----------+-------------------------------------------
     0 | D:1      | iamserjio the Mummy Wanderer began the quest for the Orb.
     0 | D:1      | iamserjio set off with: a +2 hand crossbow, 25 bolts, a +0
                  | ring mail, a scroll of teleportation
     0 | D:1      | Reached XP level 1. HP: 21/21 MP: 1/1
    92 | D:1      | Reached XP level 2. HP: 27/27 MP: 2/2
   571 | D:2      | Reached skill level 1 in Polearms
   630 | D:2      | Reached XP level 3. HP: 33/33 MP: 3/3
   680 | D:2      | Found a faded altar of an unknown god.
  1178 | D:3      | Reached XP level 4. HP: 32/40 MP: 4/4
  1847 | D:3      | Reached skill level 6 in Fighting
  1947 | D:3      | Found a runed door.
  1948 | D:3      | Noticed chonchonts's ghost (amateur DsCK)
  2130 | D:4      | Found a staircase to the Ecumenical Temple.
  2141 | Temple   | Entered the Ecumenical Temple
  2203 | Temple   | Became a worshipper of Gozag Ym Sagoz the Greedy
  2629 | D:4      | Noticed an ogre
  3057 | D:4      | Reached skill level 1 in Shields
  3073 | D:4      | Reached XP level 5. HP: 22/46 MP: 5/5
  3601 | D:4      | Found a bloodstained altar of Trog.
  3951 | D:5      | Entered Level 5 of the Dungeon
  4464 | D:5      | Reached XP level 6. HP: 52/52 MP: 6/6
  4520 | D:5      | HP: 1/52 [killer bee zombie (5)]
  4964 | D:5      | Reached XP level 7. HP: 48/58 MP: 7/7
  5108 | D:5      | Found a white marble altar of Elyvilon.
  5200 | D:5      | Found a basalt altar of Yredelemnul.
  5297 | D:5      | Found a glowing golden altar of the Shining One.
  5299 | D:5      | Noticed an angel
  5904 | D:6      | Found a sparkling altar of Nemelex Xobeh.
  6343 | D:6      | Got a coiled bronze ring
  6569 | D:6      | Reached XP level 8. HP: 59/64 MP: 8/8
  6673 | D:6      | Identified the ring "Huv Ipn" {rF++ rN+ MR+ Str+3} (You
                  | found it on level 6 of the Dungeon)
  6791 | D:7      | Noticed Pikel
  7089 | D:6      | Killed Pikel
  7089 | D:6      | Reached skill level 5 in Shields
  8231 | D:8      | You fall through a shaft for 2 floors!
  8231 | D:10     | Entered Level 10 of the Dungeon
  8338 | D:10     | Reached XP level 9. HP: 63/71 MP: 9/9
  9406 | D:8      | Reached skill level 7 in Fighting
  9801 | D:9      | Found a hazy altar of Hepliaklqana.
  9802 | D:9      | Found a shadowy altar of Dithmenos.
  9802 | D:9      | Found a shattered altar of Ashenzari.
  9802 | D:9      | Found an iron altar of Okawaru.
  9808 | D:9      | Found a stormy altar of Qazlal.
  9808 | D:9      | Found a bloodstained altar of Trog.
 10821 | D:10     | Reached skill level 8 in Fighting
 11199 | D:10     | Noticed a gargoyle
 11212 | D:10     | Reached XP level 10. HP: 80/80 MP: 11/11
 12364 | D:10     | Found a staircase to the Orcish Mines.
 12371 | D:10     | Reached skill level 9 in Fighting
 12371 | D:10     | Reached skill level 10 in Shields
 13015 | D:11     | Noticed a gargoyle
 13029 | D:11     | Found a frozen archway.
 13037 | D:11     | Noticed Sonja
 13049 | IceCv    | Entered an ice cave
 13242 | IceCv    | Noticed an ice statue
 13242 | IceCv    | Noticed an ice statue
 13622 | D:11     | HP: 2/83 [something (6)]
 13950 | D:11     | Noticed Urug
 13952 | D:11     | Noticed Urug
 13952 | D:11     | Urug changed into Urug the hippogriff
 13962 | D:11     | Killed Urug the hippogriff
 14533 | D:11     | Reached skill level 1 in Axes
 14536 | D:11     | Found a staircase to the Lair.
 14652 | D:11     | Reached skill level 5 in Armour
 14652 | D:11     | Reached XP level 11. HP: 63/89 MP: 8/12
 14880 | D:11     | Noticed Sonja
 14880 | D:11     | Sonja changed into Sonja the black bear
 14888 | D:11     | Killed Sonja the black bear
 15453 | D:11     | Noticed Josephine
 15472 | D:11     | Killed Josephine
 15659 | D:11     | Noticed Fannar
 16202 | D:11     | Killed Fannar
 16531 | D:11     | Noticed an unseen horror
 16555 | D:11     | Killed an unseen horror
 16796 | D:12     | Reached skill level 10 in Fighting
 16841 | D:12     | Noticed a two-headed ogre
 16852 | D:12     | Killed a two-headed ogre
 17123 | D:12     | Got an ichor-stained leather armour
 17258 | D:12     | Found a runed door.
 17260 | D:12     | Noticed TheNamelessOne's ghost (journeyman OgBe)
 17263 | D:12     | Noticed a spriggan rider
 17380 | D:12     | Found a runed door.
 17408 | D:12     | Noticed an ice dragon
 17412 | D:12     | Found the +2 shield of Resistance {rF+ rC+ MR+}
 17412 | D:12     | Noticed an ice dragon
 17412 | D:12     | Noticed a fire dragon
 17412 | D:12     | Noticed a fire dragon
 17415 | D:12     | Found a runed door.
 17513 | D:12     | Got a dazzling ring mail
 17516 | D:12     | Noticed Nessos
 17518 | D:12     | Noticed Nessos
 17518 | D:12     | Nessos changed into Nessos the wind drake
 17538 | D:12     | Killed Nessos the wind drake
 17826 | D:12     | Noticed Snorg
 17958 | Lair:1   | Entered Level 1 of the Lair of Beasts
 18152 | Lair:1   | You fall through a shaft!
 18159 | Lair:2   | Noticed an eight-headed hydra
 18164 | Lair:2   | Noticed a storm dragon
 18164 | Lair:2   | an eight-headed hydra changed into a storm dragon
 18218 | Lair:2   | Reached skill level 5 in Axes
 18244 | Lair:2   | Found a runed door.
 18244 | Lair:2   | Noticed Oozefury's ghost (journeyman TrMo)
 18244 | Lair:2   | Noticed an eight-headed hydra
 18626 | Lair:1   | Reached XP level 12. HP: 76/97 MP: 10/13
 18724 | Lair:1   | Identified the +3 ring mail "Cyiniduf" {Dex+3} (You found
                  | it on level 12 of the Dungeon)
 18734 | Lair:1   | Identified the +4 leather armour of Wisdom {Dex+6} (You
                  | found it on level 12 of the Dungeon)
 18922 | Lair:2   | Noticed a six-headed hydra
 18936 | Lair:2   | Killed a six-headed hydra
 21131 | Lair:4   | Found a hole to the Spider Nest.
 21500 | Lair:4   | Noticed a six-headed hydra
 21525 | Lair:4   | Killed a six-headed hydra
 22120 | Lair:4   | Found a staircase to the Shoals.
 22812 | Lair:5   | Found a shimmering altar of Xom.
 22978 | Lair:5   | Noticed a four-headed hydra
 22998 | Lair:5   | Killed a four-headed hydra
 22998 | Lair:5   | Gained mutation: You are in touch with the powers of death.
                  | [Mummy growth]
 22998 | Lair:5   | Reached XP level 13. HP: 56/103 MP: 8/14
 23396 | Lair:5   | Reached skill level 10 in Axes
 23923 | Lair:6   | Entered Level 6 of the Lair of Beasts
 24215 | Lair:6   | Found a runed door.
 24216 | Lair:6   | Found a viscous altar of Jiyva.
 24218 | Lair:6   | Found a staircase to the Slime Pits.
 24732 | Lair:6   | Identified the Tome of Creation and Malediction
 25044 | Lair:6   | Found a runed door.
 25334 | Lair:6   | Got a transparent leather armour
 26175 | Lair:6   | Noticed a fire dragon
 26894 | Lair:6   | Killed a fire dragon
 27670 | Lair:6   | Got a pitted mace
 27672 | Lair:6   | Identified the Handbook of the Warrior-Mage
 28468 | D:3      | Killed chonchonts's ghost
 29062 | D:12     | Killed a fire dragon
 29062 | D:12     | Reached XP level 14. HP: 48/110 MP: 7/17
 29682 | D:12     | Killed Snorg
 29917 | D:12     | Identified the +7 mace of the Invisible Realms {drain, rN+
                  | Str-2 Int+3 Stlth+} (You found it on level 6 of the Lair of
                  | Beasts)
 29949 | D:13     | Found a gate to the Vaults.
 30025 | D:13     | Got a polished leather armour
 32542 | D:14     | Reached skill level 15 in Axes
 33072 | D:14     | Identified the +1 leather armour "Seod Rau" {+Inv rElec
                  | rPois} (You found it on level 13 of the Dungeon)
 33082 | D:14     | Identified the +1 leather armour "Adarab" {rElec rPois MR+
                  | Str+2} (You found it on level 6 of the Lair of Beasts)
 33093 | D:15     | Entered Level 15 of the Dungeon
 33231 | D:15     | Found a basalt altar of Yredelemnul.
 33475 | D:15     | Reached XP level 15. HP: 82/115 MP: 12/18
 33992 | D:15     | Found a staircase to the Depths.
 34756 | D:15     | Identified a scroll of acquirement
 34893 | D:12     | Killed TheNamelessOne's ghost
 35050 | D:12     | Got a pair of faintly glowing gloves
 35149 | D:12     | Got an encrusted spear {pain}
 35160 | D:12     | Identified the +2 pair of gloves of Beogh's Vengeance {rF+}
                  | (You found it on level 12 of the Dungeon)
 35161 | D:12     | Identified the cursed +3 spear "Perch" {pain, +Blink rC+}
                  | (You took it off a spriggan on level 12 of the Dungeon)
 35824 | Orc:1    | Entered Level 1 of the Orcish Mines
 35824 | Orc:1    | Noticed Harold
 35829 | Orc:1    | Killed Harold
 35917 | Orc:2    | Entered Level 2 of the Orcish Mines
 36501 | Orc:2    | Noticed Azrael
 36510 | Orc:2    | Killed Azrael
 36990 | Orc:2    | Found a staircase to the Elven Halls.
 37100 | Orc:1    | Noticed an orc warlord
 37866 | Orc:2    | Found Furchi's Distillery.
 37866 | Orc:2    | Found Abuwnopt's Antique Armour Boutique.
 37868 | Orc:2    | Found Foalebio's Magic Scroll Boutique.
 37868 | Orc:2    | Found Lucs's Gadget Shoppe.
 38636 | Orc:1    | Reached skill level 11 in Fighting
 39079 | Orc:1    | Found a roughly hewn altar of Beogh.
 39109 | Orc:1    | Killed an orc warlord
 39305 | Orc:1    | Found a runed door.
 39307 | Orc:1    | Noticed Fuix Ziu's ghost (journeyman DsMo)
 39371 | Orc:1    | Killed Fuix Ziu's ghost
 39711 | Orc:2    | Bought a scroll of fog for 24 gold pieces
 39711 | Orc:2    | Bought a scroll of blinking for 90 gold pieces
 39711 | Orc:2    | Bought a scroll of teleportation for 36 gold pieces
 40047 | Spider:1 | Entered Level 1 of the Spider Nest
 40356 | Spider:1 | You fall through a shaft!
 40361 | Spider:2 | Reached XP level 16. HP: 125/125 MP: 19/19
 43111 | Spider:2 | Reached skill level 12 in Fighting
 44705 | Spider:3 | Reached skill level 10 in Armour
 45138 | Spider:4 | Entered Level 4 of the Spider Nest
 45447 | Spider:4 | Reached skill level 13 in Fighting
 46709 | Spider:4 | Found a runed door.
 46713 | Spider:4 | Found a shimmering altar of Xom.
 46713 | Spider:4 | Noticed Thaneod's ghost (adept GnBe)
 46741 | Spider:4 | Noticed Kirke
 46750 | Spider:4 | Killed Kirke
 46750 | Spider:4 | Reached XP level 17. HP: 135/137 MP: 18/20
 47058 | Spider:4 | Reached skill level 14 in Fighting
 47693 | Spider:4 | Got a gossamer rune of Zot
 48163 | Lair:2   | Noticed Erica
 48171 | Lair:2   | Killed Erica
 49007 | Lair:2   | Killed Oozefury's ghost
 49430 | Vaults:1 | Entered Level 1 of the Vaults
 50076 | Vaults:1 | Got a spiked ring mail
 50123 | Vaults:1 | Identified the cursed +0 ring mail "Upiotor" {rCorr Str+6
                  | Dex-2} (You found it on level 1 of the Vaults)
 50288 | Vaults:1 | Reached skill level 15 in Fighting
 50909 | Vaults:1 | Found a portal to a secret trove of treasure.
 51416 | Vaults:1 | Reached XP level 18. HP: 145/149 MP: 21/21
 51551 | Vaults:2 | Noticed Saint Roka
 51574 | Vaults:1 | Killed Saint Roka
 51920 | Vaults:2 | HP: 6/149 [deep elf mage/bolt of lightning[an ironheart
                  | preserver] (34)]
 53829 | Vaults:2 | Reached skill level 16 in Fighting
 54460 | Vaults:2 | Found a staircase to the Crypt.
 55128 | Vaults:3 | Reached XP level 19. HP: 149/157 MP: 22/22
 55270 | Vaults:3 | Found Pynwot's Food Shop.
 55303 | Vaults:3 | Cast into level 2 of the Abyss (deep elf knight)
 55303 | Abyss:2  | Found a corrupted altar of Lugonu.
 55373 | Abyss:2  | Got a crude scale mail
 55374 | Abyss:2  | Identified the cursed +1 scale mail "Xosyof" {rF- MP+9
                  | Str+4 Dex+2} (You found it on level 2 of the Abyss)
 55423 | Abyss:2  | Noticed a lich
 55431 | Abyss:2  | Killed a lich
 55471 | Abyss:2  | Reached skill level 15 in Shields
 55686 | Vaults:3 | Escaped the Abyss
 56063 | Vaults:3 | Reached skill level 17 in Fighting
 56675 | Vaults:3 | Reached skill level 18 in Fighting
 58445 | Vaults:4 | Reached XP level 20. HP: 172/172 MP: 23/23
 59310 | Vaults:4 | Reached skill level 5 in Evocations
 59801 | Elf:1    | Entered Level 1 of the Elven Halls
 61389 | Elf:2    | Reached skill level 19 in Fighting
 61404 | Elf:2    | Got a slimy longbow
 61462 | Elf:2    | Found a runed gate.
 61462 | Elf:2    | Found a runed gate.
 61463 | Elf:2    | Found a runed gate.
 61700 | Elf:2    | Found a runed gate.
 61700 | Elf:2    | Found a runed gate.
 61708 | Elf:2    | Found a runed gate.
 61809 | Elf:3    | Entered Level 3 of the Elven Halls
 62671 | Elf:3    | Reached XP level 21. HP: 180/180 MP: 25/25
 62725 | Elf:3    | Got a smoking morningstar {crush}
 62988 | Elf:3    | Got a spiked chain mail
 63269 | Elf:3    | Got a fine trident {protect}
 63269 | Elf:3    | Got a fine demon trident {freeze}
 63271 | Elf:3    | Identified the +8 chain mail of Wisdom {MR+} (You took it
                  | off a deep elf master archer on level 3 of the Elven Halls)
 63287 | Elf:3    | Identified the +7 morningstar of Foulo {crush, rF- rN+++
                  | Str+3 Dex-3} (You took it off a deep elf sorcerer on level
                  | 3 of the Elven Halls)
 63288 | Elf:3    | Identified the +8 trident "Tezil" {protect, +Inv rF- MR+}
                  | (You took it off a deep elf annihilator on level 3 of the
                  | Elven Halls)
 63289 | Elf:3    | Identified the +4 demon trident of Terror {freeze, Int+6}
                  | (You took it off a deep elf elementalist on level 3 of the
                  | Elven Halls)
 63982 | Elf:3    | Reached skill level 15 in Armour
 64796 | Elf:3    | Got a scorched battleaxe {protect}
 65576 | Elf:3    | Got a smoking ring mail
 65586 | Elf:3    | Identified the +1 ring mail of Topremad {MR+ Int+3 SInv}
                  | (You found it on level 3 of the Elven Halls)
 66289 | Elf:2    | Found a runed gate.
 66289 | Elf:2    | Found a runed gate.
 66292 | Elf:2    | Found a runed gate.
 66293 | Elf:2    | Noticed Ditysa's ghost (adept OpWn)
 67629 | Elf:2    | Killed Ditysa's ghost
 67670 | Elf:2    | Got a distressingly furry hat
 67684 | Elf:2    | Identified the +2 hat "Iheerox" {MP+9 Str-4 SInv} (You
                  | found it on level 2 of the Elven Halls)
 67983 | Shoals:1 | Entered Level 1 of the Shoals
 69788 | Shoals:3 | Reached XP level 22. HP: 184/190 MP: 26/28
 69860 | Shoals:3 | Reached skill level 20 in Fighting
 70426 | Shoals:4 | Entered Level 4 of the Shoals
 70570 | Shoals:4 | Got a brightly glowing crystal plate armour
 70613 | Shoals:4 | Identified the +11 crystal plate armour "Xeruhyp" {rElec
                  | rF++ MR+ Dex+3} (You found it on level 4 of the Shoals)
 70778 | Shoals:4 | Noticed Ilsuiw
 70793 | Shoals:4 | Killed Ilsuiw
 71026 | Shoals:4 | Got a barnacled rune of Zot
 71189 | Shoals:4 | Got a bloodstained war axe
 71469 | Shoals:4 | Identified the +11 war axe of Seval {venom, Str+6} (You
                  | found it on level 4 of the Shoals)
 72011 | Orc:2    | Bought a wand of clouds (6) for 510 gold pieces
 72011 | Orc:2    | Bought a box of beasts for 340 gold pieces
 72336 | Vaults:5 | Entered Level 5 of the Vaults
 72342 | Vaults:5 | Reached skill level 1 in Dodging
 72658 | Vaults:5 | Identified Sif Muna's Handbook of the Frostbite and the
                  | Rocks
 72790 | Vaults:5 | Reached skill level 5 in Dodging
 72967 | Vaults:5 | Reached skill level 10 in Evocations
 73140 | Vaults:5 | Reached XP level 23. HP: 145/198 MP: 26/30
 73942 | Vaults:5 | Noticed an ancient lich
 73966 | Vaults:5 | Killed an ancient lich
 74540 | Vaults:5 | Reached skill level 21 in Fighting
 74959 | Vaults:5 | Got a silver rune of Zot
 74961 | Vaults:5 | Got a dazzling scale mail
 75199 | Vaults:5 | Found the +15 Maxwell's patent armour {-Cast -Tele rElec
                  | MR+ rCorr}
 75227 | Vaults:5 | Identified Vekeach's Advanced Spellcraft
 75847 | D:15     | Upgraded the game from 0.23-a0-169-gb21e695 to
                  | 0.23-a0-171-g5ae17c6
 75848 | Depths:1 | Entered Level 1 of the Depths
 76195 | Depths:1 | Found a gateway to Hell.
 76446 | Depths:1 | Found a one-way gate to the infinite horrors of the Abyss.
 76542 | Depths:1 | Found a one-way gate leading to the halls of Pandemonium.
 76936 | Depths:2 | Reached XP level 24. HP: 201/208 MP: 30/31
 77596 | Depths:2 | Found a hide-covered altar of Uskayaw.
 78946 | Depths:4 | Noticed a juggernaut
 78946 | Depths:4 | Noticed a juggernaut
 78963 | Depths:4 | Killed a juggernaut
 78975 | Depths:4 | Killed a juggernaut
 79107 | Depths:4 | Noticed Louise
 79123 | Depths:4 | Killed Louise
 79456 | Depths:4 | Found a gateway to a ziggurat.
 79612 | Depths:3 | Noticed an ancient lich
 79626 | Depths:3 | Killed an ancient lich
 79802 | Depths:3 | Noticed Nikola
 79816 | Depths:3 | Killed Nikola
 80244 | Depths:3 | Reached XP level 25. HP: 216/216 MP: 32/32
 80374 | Depths:3 | Paralysed by a floating eye for 2 turns
 80763 | Depths:3 | Got a shimmering jade ring
 80769 | Depths:3 | Identified the ring of Eternal Harmony {rC- rN+ MP+9
                  | Stlth+} (You found it on level 3 of the Depths)
 81193 | Depths:5 | Entered Level 5 of the Depths
 82015 | Depths:5 | Reached skill level 22 in Fighting
 82746 | Depths:5 | Found a gate to the Realm of Zot.
 82966 | Zig:1    | Entered Level 1 of a ziggurat
 82994 | Zig:2    | Entered Level 2 of a ziggurat
 83051 | Zig:3    | Entered Level 3 of a ziggurat
 83142 | Zig:4    | Entered Level 4 of a ziggurat
 83222 | Zig:4    | Got an encrusted demon whip
 83223 | Zig:4    | Identified Sif Muna's Disquisition on Displacement and
                  | Moulding
 83226 | Zig:5    | Entered Level 5 of a ziggurat
 83308 | Zig:5    | Identified the +10 demon whip of Bloody Death {venom, rN+
                  | Dex+2} (You found it on level 4 of a ziggurat)
 83324 | Zig:6    | Entered Level 6 of a ziggurat
 83482 | Zig:7    | Entered Level 7 of a ziggurat
 83490 | Zig:7    | Found the macabre finger necklace {rN+}
 83552 | Zig:8    | Entered Level 8 of a ziggurat
 83777 | Zig:9    | Entered Level 9 of a ziggurat
 83786 | Zig:9    | Noticed a juggernaut
 83787 | Zig:9    | Noticed a juggernaut
 83796 | Zig:9    | Noticed a juggernaut
 83809 | Zig:9    | Killed a juggernaut
 83822 | Zig:9    | Killed a juggernaut
 83829 | Zig:9    | Killed a juggernaut
 84396 | Vaults:1 | You paid a toll of a +7 demon trident to enter a treasure
                  | trove
 84397 | Trove    | Entered a treasure trove
 84430 | Trove    | Identified Sif Muna's Almanac of Supportive Enchantment
 84584 | Crypt:1  | Entered Level 1 of the Crypt
 84741 | Crypt:1  | Noticed Sojobo
 84749 | Crypt:1  | Got a slimy helmet
 84814 | Crypt:1  | Killed Sojobo
 85131 | Crypt:1  | Identified the +1 helmet of Hide-and-Seek {rPois rF+ Dex-2}
                  | (You found it on level 1 of the Crypt)
 86214 | Crypt:2  | Gained mutation: You are strongly in touch with the powers
                  | of death. [Mummy growth]
 86214 | Crypt:2  | Reached XP level 26. HP: 227/227 MP: 32/32
 86389 | Crypt:2  | Noticed Boris
 86406 | Crypt:2  | Killed Boris
 86790 | Crypt:3  | Entered Level 3 of the Crypt
 87002 | Crypt:3  | Reached skill level 23 in Fighting
 87057 | Crypt:3  | Found the +5 scythe "Finisher" {speed, Str+3}
 87171 | Crypt:3  | Found a staircase to the Tomb.
 87419 | Crypt:3  | Got a crystal mace
 87885 | Crypt:3  | Found an ancient bone altar of Kikubaaqudgha.
 87887 | Crypt:3  | Noticed an ancient lich
 87907 | Crypt:3  | Killed an ancient lich
 87912 | Crypt:3  | Noticed an ancient lich
 87923 | Crypt:3  | Killed an ancient lich
 87928 | Crypt:3  | Found the ring of Phasing {EV+8}
 87957 | Crypt:3  | Noticed an ancient lich
 87968 | Crypt:3  | Killed an ancient lich
 88527 | Crypt:3  | Bought a scroll of fog for 44 gold pieces
 88527 | Crypt:3  | Bought a scroll of enchant weapon for 165 gold pieces
 88527 | Crypt:3  | Bought a scroll of silence for 165 gold pieces
 88527 | Crypt:3  | Bought a scroll of summoning for 209 gold pieces
 88532 | Crypt:3  | Bought the amulet "Getsar" {Regen+ Str+4} for 862 gold
                  | pieces
 88544 | Crypt:3  | Bought a runed cloak for 172 gold pieces
 88939 | Zot:1    | Entered Level 1 of the Realm of Zot
 89016 | Zot:1    | Reached skill level 10 in Dodging
 90786 | Zot:1    | Reached XP level 27. HP: 222/237 MP: 33/33
 91384 | Zot:2    | Noticed an orb of fire
 91399 | Zot:2    | Reached skill level 24 in Fighting
 91827 | Zot:2    | Killed an orb of fire
 91949 | Zot:2    | Noticed an orb of fire
 92692 | Zot:2    | Killed an orb of fire
 93439 | Zot:3    | Noticed an orb of fire
 93491 | Zot:3    | Killed an orb of fire
 95490 | Zot:5    | Entered Level 5 of the Realm of Zot
 95710 | Zot:5    | Noticed an ancient lich
 95756 | Zot:5    | Noticed an ancient lich
 95769 | Zot:5    | Killed an ancient lich
 95848 | Zot:5    | Noticed an ancient lich
 95857 | Zot:5    | Noticed an ancient lich
 95858 | Zot:5    | Killed an ancient lich
 95860 | Zot:5    | Noticed an ancient lich
 95876 | Zot:5    | Killed an ancient lich
 95882 | Zot:5    | Killed an ancient lich
 95912 | Zot:5    | Noticed an ancient lich
 95921 | Zot:4    | Killed an ancient lich
 96268 | Zot:5    | Noticed an ancient lich
 96375 | Zot:5    | Noticed an orb of fire
 96377 | Zot:5    | Noticed an ancient lich
 96449 | Zot:5    | Noticed an orb of fire
 96474 | Zot:5    | Killed an orb of fire
 96544 | Zot:5    | Got the Orb of Zot
 96549 | Zot:5    | Killed an orb of fire
 96767 | Depths:5 | Noticed Ireole the pandemonium lord
 96938 | D:14     | Noticed a seraph
 97101 | D:8      | Noticed a seraph
 97240 | D:$      | Escaped with the Orb!

Vault maps used:
D:1:      minmay_arrival_five_plusses
D:2:      chequers_ecumenical_altar_simple_redux
D:3:      ebering_ghost_reflecting_pool
D:4:      minmay_temple_entry_glassed_door, first_ration, trog_hazing_becter
D:5:      kennysheep_spiral_hall, grunt_temple_overflow_holy_war,
          kennysheep_mini, minmay_misc_feat_pillars
D:6:      nemelex_xobeh_ov_fountains_minmay
D:7:      serial_bayou, serial_bayou_shore_b, serial_bayou_ford_a,
          serial_bayou_lagoon_a, serial_bayou_pond_c, nrook_uturn, uniq_pikel
D:8:      grunt_pizzeria
D:9:      minmay_overflow_temple_hex, due_unseen_surprise
D:10:     kennysheep_orc_monster_closet_entryway
D:11:     erik_lair_dragon, portal_ice_cave_entry_pillars_2, uniq_sonja,
          uniq_fannar, uniq_josephine, uniq_urug
D:12:     ebering_ghost_funeral_grove, minmay_misc_feat_secret_circle,
          minmay_guarded_unrand_resistance, uniq_snorg, uniq_nessos
D:13:     lemuel_ice_spiral_2, david_vaults_1, minivault_23
D:14:     kennysheep_nondescript
D:15:     gammafunk_depths_entry_grave, yredelemnul_altar_generic
Temple:   cyrus_circular_temple
Lair:2:   nicolae_volcano_entry_s_turn, ebering_ghost_inner_flame,
          beast_lair_carwin_3, uniq_erica
Lair:3:   kennysheep_basilisk_garden
Lair:4:   shoals_dummy_entry, dummy_spider_entry
Lair:5:   basic_altar
Lair:6:   wormcave, guppyfry_lair_end_dragon, slime_altar_2,
          serial_bayou_shore_b, lemuel_fruit_tree, minmay_lair_oklob_chamber
Shoals:2: st_cyclops
Shoals:3: cheibrodos_shoals_satyrical_garden
Shoals:4: shoals_end_simple, shoals_ilsuiw_ice, abandoned_shop
Spider:3: nicolae_spider_nook
Spider:4: grunt_spider_rune_circles, ebering_ghost_xom, uniq_kirke
Orc:1:    gammafunk_ghost_grave, basic_altar, library_closet, uniq_harold
Orc:2:    st_orc_ogre_mass, guppyfry_library_mini, uniq_azrael
Elf:1:    eino_elf_arrival_sip, kennysheep_underground_church
Elf:2:    ploomutoo_gammafunk_ghost_potion_laboratory, palyth_stone_intersect,
          statue_in_the_mist_lemuel
Elf:3:    grunt_elf_hall_diamonds
Vaults:1: vaults_room_grunt_arrival_ludios, ontoclasm_vaults_shuriken,
          v_misc_25, v_rooms_3, ontoclasm_vaults_misaligned, v_misc_24,
          ontoclasm_vaults_gateway, vaults_room_hallway,
          vaults_standard_mumra_lines, ontoclasm_vaults_loading_screen,
          st_hourglassy, hangedman_vaults_snaps, vaults_mumra_chevron_long,
          v_pattern_1, hangedman_vaults_maws, nicolae_trove_entry_crossroad
Vaults:2: grunt_vaults_hallway_short, vaults_room_pools, v_misc_17,
          grunt_vaults_funneled_arena, vaults_room_octagon,
          nicolae_vaults_angled_halls, ontoclasm_vaults_spin,
          nicolae_vaults_alarming, v_alt_pattern_2, ontoclasm_vaults_tryst,
          vaults_room_corners, v_misc_17, vaults_mumra_minichess_inversion,
          vaults_room_hallway, hangedman_vaults_maws,
          nicolae_vaults_shelves_hall, minmay_crypt_entry_simple_round,
          uniq_saint_roka
Vaults:3: v_misc_27, dpeg_vaults_monster_box, v_pattern_4, vaults_room_hallway,
          v_misc_5, nicolae_vaults_angled_halls,
          nicolae_vaults_diagonal_hallway_7, v_misc_14, vaults_room_hallway,
          st_cells, vaults_room_pool, serial_shops, shop
Vaults:4: hangedman_vaults_cutoff, nicolae_vaults_network_s,
          nicolae_vaults_network_periphery, vaults_dpeg_encased_lava,
          nicolae_vaults_angled_halls, v_misc_5, hangedman_vaults_restitches,
          v_misc_4, vaults_room_hallway, st_lattice
Crypt:1:  grunt_crypt_arrival_webbed, uniq_sojobo
Crypt:2:  uniq_boris
Crypt:3:  quadcrypt_mu
Depths:1: minmay_misc_feat_diagonals, abyss_entry, hell_entry,
          rand_demon_pan_entry_3, skrybe_limestone_x, dk_noncrumbling_2,
          serial_bayou_lake_a
Depths:2: regret_index_uskayaw_diablada_macabre, pf_hell_entry_great_geh
Depths:3: lemuel_river_lethe, abyss_entry, hell_entry, pan_entry, uniq_nikola
Depths:4: kennysheep_green_arena, enter_ziggurat_d, minivault_11,
          nicolae_abyss_entry_one_way_or_another, hell_entry,
          serial_sigils_hangedman_quiver
Depths:5: grunt_bruiser_brothers, serial_bayou_pond_a, hell_entry
Zot:1:    lemuel_acid_trip, st_large_dragon_hoard_4
Zot:2:    grunt_zot_stairs_mandelzot
Zot:3:    st_stairs_8, basic_stair_grate_trap
Zot:4:    grunt_ministairs_12, grunt_megastairs_2
Abyss:2:  evilmike_abyss_exit_15
Zig:5:    ziggurat_pillar_centre_c
Zig:9:    ziggurat_pillar_centre_smoke
Trove:    trove_library
IceCv:    ice_cave_small_demon

Skill      XL: |  1  2  3  4  5  6  7  8  9 10 11 12 13 14 15 16 17 18 19 20 21 22 23 24 25 26 27 |
---------------+----------------------------------------------------------------------------------+-----
Polearms       | 1 2 3 4 |  4.0
Fighting       | 6 8 9 10 11 13 15 16 18 19 20 21 22 23 24 | 24.5
Shields        | 1 2 3 4 6 8 10 11 12 13 14 15 16 22 | 22.4
Armour         | 2 3 4 5 7 8 9 10 11 13 14 15 16 17 18 19 | 19.0
Evocations     | 2 4 6 8 10 11 12 13 14 | 14.0
Axes           | 1 5 9 12 15 16 17 18 19 | 19.8
Dodging        | 5 7 10 | 10.0
Crossbows      | |  1.0
Stealth        | |  1.0

Action                   |  1- 3 |  4- 6 |  7- 9 | 10-12 | 13-15 | 16-18 | 19-21 | 22-24 | 25-27 || total
-------------------------+-------+-------+-------+-------+-------+-------+-------+-------+-------++-------
Melee: Spear             |   100 |   432 |       |       |       |       |       |       |       ||   532
       Trident           |       |    14 |   807 |   299 |       |       |       |       |       ||  1120
       Broad axe         |       |       |       |   642 |  1304 |  1522 |  1964 |  1838 |  2553 ||  9823
       Quick blade       |       |       |       |    11 |       |       |       |       |       ||    11
       Whip              |       |       |       |    45 |       |       |       |       |       ||    45
       Mace              |       |       |       |       |     8 |     7 |       |       |       ||    15
 Fire: Hand crossbow     |    47 |    25 |    39 |       |       |       |       |       |       ||   111
Throw: Tomahawk          |       |    20 |     4 |       |       |       |       |       |       ||    24
       Stone             |       |     6 |       |       |       |       |       |       |       ||     6
       Throwing net      |       |       |     5 |     2 |       |       |       |       |       ||     7
       Javelin           |       |       |       |       |     1 |       |       |       |       ||     1
Invok: Potion Petition   |       |     1 |     2 |     2 |       |     5 |     1 |     1 |     4 ||    16
       Call Merchant     |       |       |       |       |       |       |       |       |     4 ||     4
       Bribe Branch      |       |       |       |       |       |       |       |       |     3 ||     3
 Abil: Evoke Invisibilit |       |       |       |       |       |       |       |       |     9 ||     9
Evoke: Wand              |       |       |     3 |    21 |    57 |    44 |    22 |    13 |    26 ||   186
       Lamp of fire      |       |       |       |       |     1 |     1 |     1 |       |       ||     3
       Phial of floods   |       |       |       |       |       |     3 |     1 |     1 |     1 ||     6
       Sack of spiders   |       |       |       |       |       |       |       |       |     1 ||     1
       Box of beasts     |       |       |       |       |       |       |       |       |     5 ||     5
  Use: Scroll            |     3 |     7 |    10 |    11 |    15 |     8 |     7 |    11 |    31 ||   103
 Stab: Distracted        |       |     1 |     1 |     1 |    13 |    11 |     7 |    17 |    33 ||    84
       Invisible         |       |       |     5 |       |       |       |       |       |    55 ||    60
       Paralysed         |       |       |       |       |     7 |       |       |       |    58 ||    65
       Petrified         |       |       |       |       |     1 |       |       |       |    15 ||    16
       Confused          |       |       |       |       |       |       |     1 |       |     8 ||     9
       Petrifying        |       |       |       |       |       |       |       |       |    13 ||    13
Armor: Ring mail         |    49 |    35 |       |       |       |       |       |       |       ||    84
       Chain mail        |       |   224 |   466 |    53 |       |       |    96 |       |       ||   839
       Plate armour      |       |       |       |   483 |   543 |   783 |       |       |       ||  1809
       Leather armour    |       |       |       |       |     1 |     5 |       |       |       ||     6
       Crystal plate arm |       |       |       |       |       |     9 |   543 |   934 |   925 ||  2411
Dodge: Dodged            |    57 |    91 |   207 |   269 |   289 |   364 |   309 |   423 |   681 ||  2690
Block: Shield            |    12 |   170 |   507 |   651 |   837 |  1055 |   995 |  1118 |   392 ||  5737
       Large shield      |       |       |       |       |       |       |       |       |  1966 ||  1966

Table legend:
 A = Non-vault XP
 B = Vault XP
 C = Vault XP percentage of total XP
 D = Non-vault monster count
 E = Vault monster count
 F = Vault count percentage of total count
                 A         B        C        D         E       F
            +---------+---------+-------+---------+---------+-------
      Total |  972174 |  932759 |  49.0 |    1688 |    1010 |  37.4
            +---------+---------+-------+---------+---------+-------
        D:1 |      34 |       0 |   0.0 |      20 |       0 |   0.0
        D:2 |      44 |       0 |   0.0 |      18 |       0 |   0.0
        D:3 |     191 |     207 |  52.0 |      21 |       1 |   4.5
        D:4 |      84 |      11 |  11.6 |       7 |       6 |  46.2
        D:5 |     421 |     150 |  26.3 |      21 |       3 |  12.5
        D:6 |     577 |     571 |  49.7 |      27 |       1 |   3.6
        D:7 |     441 |       0 |   0.0 |      11 |       0 |   0.0
        D:8 |     740 |     202 |  21.4 |      20 |       1 |   4.8
        D:9 |    1352 |       0 |   0.0 |      27 |       0 |   0.0
       D:10 |    2873 |    1772 |  38.1 |      31 |      20 |  39.2
       D:11 |    2123 |    5602 |  72.5 |       9 |      15 |  62.5
       D:12 |    3745 |    7218 |  65.8 |      16 |      10 |  38.5
       D:13 |    9283 |    2603 |  21.9 |      35 |       4 |  10.3
       D:14 |   17387 |     750 |   4.1 |      51 |       1 |   1.9
       D:15 |    6741 |    5269 |  43.9 |      19 |       7 |  26.9
     Lair:1 |    1877 |       0 |   0.0 |       8 |       0 |   0.0
     Lair:2 |    4684 |    4858 |  50.9 |      12 |       8 |  40.0
     Lair:3 |    3247 |     960 |  22.8 |      14 |       5 |  26.3
     Lair:4 |    7294 |       0 |   0.0 |      26 |       0 |   0.0
     Lair:5 |    7319 |       0 |   0.0 |      29 |       0 |   0.0
     Lair:6 |    6087 |   14245 |  70.1 |      30 |      50 |  62.5
   Shoals:1 |   11517 |       0 |   0.0 |      23 |       0 |   0.0
   Shoals:2 |   17281 |    5059 |  22.6 |      34 |       8 |  19.0
   Shoals:3 |   11402 |    3948 |  25.7 |      23 |       6 |  20.7
   Shoals:4 |    5665 |   21678 |  79.3 |      16 |      33 |  67.3
   Spider:1 |   11449 |       0 |   0.0 |      35 |       0 |   0.0
   Spider:2 |   12235 |       0 |   0.0 |      38 |       0 |   0.0
   Spider:3 |   18486 |    3532 |  16.0 |      57 |      12 |  17.4
   Spider:4 |   11613 |   26606 |  69.6 |      29 |      44 |  60.3
      Orc:1 |    6251 |    2146 |  25.6 |      34 |       2 |   5.6
      Orc:2 |    7197 |   23587 |  76.6 |      35 |      55 |  61.1
      Elf:1 |   24027 |    5665 |  19.1 |      40 |       9 |  18.4
      Elf:2 |   19774 |   42184 |  68.1 |      33 |      53 |  61.6
      Elf:3 |   16174 |   41531 |  72.0 |      29 |      28 |  49.1
   Vaults:1 |   22191 |   39418 |  64.0 |      48 |      52 |  52.0
   Vaults:2 |   40244 |   26836 |  40.0 |      86 |      46 |  34.8
   Vaults:3 |   43798 |   24546 |  35.9 |      77 |      35 |  31.2
   Vaults:4 |   38346 |   35113 |  47.8 |      52 |      35 |  40.2
   Vaults:5 |   50497 |  141195 |  73.7 |      67 |      96 |  58.9
    Crypt:1 |   17512 |    9638 |  35.5 |      31 |       3 |   8.8
    Crypt:2 |   28426 |    5259 |  15.6 |      39 |       1 |   2.5
    Crypt:3 |       0 |   67519 | 100.0 |       0 |      75 | 100.0
   Depths:1 |   32736 |   15183 |  31.7 |      49 |       9 |  15.5
   Depths:2 |   23238 |   21890 |  48.5 |      30 |       8 |  21.1
   Depths:3 |     559 |   60192 |  99.1 |       2 |     104 |  98.1
   Depths:4 |   20186 |   37351 |  64.9 |      24 |      19 |  44.2
   Depths:5 |   36036 |   17936 |  33.2 |      32 |      14 |  30.4
      Zot:1 |   46920 |   70121 |  59.9 |      33 |      62 |  65.3
      Zot:2 |   89363 |   49828 |  35.8 |      46 |      26 |  36.1
      Zot:3 |   72771 |    1649 |   2.2 |      44 |       1 |   2.2
      Zot:4 |   44414 |    9448 |  17.5 |      34 |       5 |  12.8
      Zot:5 |   37985 |   79184 |  67.6 |      25 |      26 |  51.0
    Abyss:2 |   15779 |       0 |   0.0 |      25 |       0 |   0.0
      Zig:1 |    1118 |       0 |   0.0 |       2 |       0 |   0.0
      Zig:2 |    1379 |       0 |   0.0 |       5 |       0 |   0.0
      Zig:3 |    1484 |       0 |   0.0 |       4 |       0 |   0.0
      Zig:4 |    3106 |       0 |   0.0 |       5 |       0 |   0.0
      Zig:5 |    4636 |       0 |   0.0 |       7 |       0 |   0.0
      Zig:6 |    5682 |       0 |   0.0 |       7 |       0 |   0.0
      Zig:7 |   10166 |       0 |   0.0 |       7 |       0 |   0.0
      Zig:8 |    7617 |      16 |   0.2 |      12 |       1 |   7.7
      Zig:9 |   26370 |       0 |   0.0 |      17 |       0 |   0.0
      IceCv |       0 |      83 | 100.0 |       0 |      10 | 100.0
            +---------+---------+-------+---------+---------+-------
